 Dungeon Crawl Stone Soup version 0.28.0-1-gb440e238dd (webtiles) character file.

Game seed: 15030062308181613294

10471 unlimited1921 the Thaumaturge (level 11, -11/82 HPs)
             Began as a Djinni Fire Elementalist on Feb 23, 2022.
             Was a Follower of Ashenzari.
             Mangled by a skeletal warrior (31 damage)
             ... led by a skeletal warrior
             ... on level 9 of the Dungeon.
             The game lasted 01:28:02 (22982 turns).

unlimited1921 the Thaumaturge (DjFE)               Turns: 22982, Time: 01:28:14

Health: -11/82     AC:  5    Str:  7    XL:     11   Next: 93%
Gold:   300        EV: 15    Int: 21    God:    Ashenzari [*.....] SH: 12 Dex: 20

rFire   + + +      SeeInvis .   h - +0 long sword "Shackled Restlessness" {Cun, Fort} (curse)
rCold   x . .      Faith    .   u - +2 kite shield of Ashenzari's Burden {Cun, Self} (curse)
rNeg    + . .      Spirit   .   r - +2 robe {rN+}
rPois   ∞          Reflect  .   (no helmet)
rElec   .          Harm     .   g - +0 cloak
rCorr   .          Rampage  .   (no gloves)
Will    +....                   (boots unavailable)
Stlth   +++.......              (no amulet)
HPRegen 0.23/turn               E - ring of protection from fire
MPRegen 0.00/turn               d - +6 ring of dexterity

@: flying
A: sickness immunity, fire resistance 2, cold vulnerability 1, float, innate
caster, HP casting, extra vitality 1
a: Renounce Religion, Curse Item, Shatter the Chains


You were on level 9 of the Dungeon.
You worshipped Ashenzari.
Ashenzari was aware of your devotion.
You visited 1 branch of the dungeon, and saw 9 of its levels.

You collected 633 gold pieces.
You spent 333 gold pieces at shops.

Inventory:

Hand Weapons
 h - the cursed +0 long sword "Shackled Restlessness" (weapon) {Cun, Fort}
   (You found it on level 1 of the Dungeon)

   It has a curse which improves the following skills: Cunning: Dodging and
   Stealth.
   Fortitude: Armour and Shields.
 k - a +0 hunting sling
 m - a +2 mace of draining
 q - a +0 hand axe
 s - a +1 falchion
 t - a +3 mace
 z - a +1 mace of protection
 M - a +2 dagger of venom
 N - a +0 war axe
Missiles
 f - 41 bolts
 i - 236 stones
 v - 6 atropa-tipped darts
 D - 3 boomerangs
 G - 21 sling bullets
 L - 5 poisoned darts
 O - 6 javelins
Armour
 g - a +0 cloak (worn)
 r - a +2 robe of positive energy (worn)
 u - the cursed +2 kite shield of Ashenzari's Burden (worn) {Cun, Self}
   (You found it on level 4 of the Dungeon)

   It has a curse which improves the following skills: Cunning: Dodging and
   Stealth.
   Introspection: Fighting and Spellcasting.
 w - +0 steam dragon scales
 K - a +2 chain mail of positive energy
Jewellery
 d - a +6 ring of dexterity (right hand)
 E - a ring of protection from fire (left hand)
 I - a ring of ice
Wands
 o - a wand of flame (16)
 y - a wand of polymorph (27)
 F - a wand of digging (4)
 P - a wand of mindburst (6)
Scrolls
 a - a scroll of vulnerability
 c - a scroll of brand weapon
 l - 2 scrolls of teleportation
 A - a scroll of blinking
 H - a scroll of silence
 Q - a scroll of torment
 R - a scroll of enchant weapon
 S - a scroll of fear
Potions
 b - a potion of lignification
 e - a potion of curing
 j - 3 potions of resistance
 n - 2 potions of brilliance
 p - 3 potions of might
 x - a potion of mutation
 B - 2 potions of ambrosia
 C - 2 potions of heal wounds
 J - a potion of haste


   Skills:
 * Level 8.0(8.9) Fighting
 + Level 1.4 Long Blades
 + Level 0.5 Throwing
 + Level 5.4(6.7) Dodging
 + Level 4.4(5.7) Stealth
 + Level 2.7(3.4) Shields
 + Level 11.3(12.1) Spellcasting


You had 8 spell levels left.
You knew the following spells:

 Your Spells              Type           Power      Damage    Failure   Level
a - Foxfire               Conj/Fire      100%       2x1d9     1%          1
b - Scorch                Fire           100%       2d10      1%          2
c - Conjure Flame         Conj/Fire      59%        6-21      1%          3
d - Inner Flame           Hex/Fire       59%        N/A       1%          3
e - Flame Wave            Conj/Fire      59%        2d11      1%          4
f - Shock                 Conj/Air       100%       1d9       1%          1
g - Static Discharge      Conj/Air       59%        N/A       1%          2
h - Gell's Gravitas       Tloc           59%        N/A       1%          3
i - Mephitic Cloud        Conj/Pois/Air  59%        N/A       1%          3
j - Ice Form              Ice/Tmut       59%        N/A       1%          4
Your spell library was empty.

Dungeon Overview and Level Annotations

Branches:
Dungeon (9/15)             Temple (0/1) D:6
   Lair: D:8-11         Orc: D:9-12

Altars:
Ashenzari
Cheibriados
Fedhas
Kikubaaqudgha
Makhleb
Ru
Wu Jian
Zin

Shops:
D:1 !*


Innate Abilities, Weirdness & Mutations

You are immune to sickness and miasma.
You are immune to poison.
Your flesh is very heat resistant. (rF++)
You are vulnerable to cold. (rC-)
You float through the air rather than walking.
You learn spells naturally, not from books.
Your magical power is your life essence.
You have superior vitality. (+4 MHP)


Message History

The skeletal warrior hits you from afar with a +1 demon trident of freezing!
* * * LOW HITPOINT WARNING * * *
The skeletal warrior freezes you.
* * * LOW HITPOINT WARNING * * *
The skeletal warrior is no longer more vulnerable to fire.
Aiming: Corrosive Bolt
Press: ? - help, Q - select action, (/) - cycle Shift-Dir - straight line, f/p - skeletal warrior
Aim: a skeletal warrior, wielding a +1 demon trident of freezing (severely damaged, inner flame, more vulnerable to fire, 71% to hit)
The bolt of acid hits the skeletal warrior.
The acid corrodes the skeletal warrior!
The skeletal warrior is lightly damaged.
The bolt of acid hits the skeletal warrior!
The acid corrodes the skeletal warrior!
Flame seeps out of the skeletal warrior.
The skeletal warrior is almost destroyed.
You block the skeletal warrior's attack.
The skeletal warrior is engulfed in blazing flames.
The skeletal warrior explodes!
The fiery explosion engulfs the skeletal warrior!!
The skeletal warrior is heavily damaged.
Your Fighting skill increases to level 8!
Aiming: Corrosive Bolt
Press: ? - help, Q - select action, (/) - cycle Shift-Dir - straight line, f - skeletal warrior
Aim: a skeletal warrior, wielding a +0 halberd (heavily damaged, covered in acid, 71% to hit)
The bolt of acid misses the skeletal warrior.
The skeletal warrior completely misses you.
Aiming: Corrosive Bolt
Press: ? - help, Q - select action, (/) - cycle Shift-Dir - straight line, f/p - skeletal warrior
Aim: a skeletal warrior, wielding a +0 halberd (heavily damaged, covered in acid, 71% to hit)
The bolt of acid misses the skeletal warrior.
The now-empty wand crumbles to dust.
You block the skeletal warrior's attack.
Casting: Scorch (safe; 1% risk of failure)
Confirm with . or Enter, or press ? or * to list all spells.
Flames lash the skeletal warrior.
The skeletal warrior is heavily damaged.
The skeletal warrior's fire resistance burns away.
* * * LOW HITPOINT WARNING * * *
The skeletal warrior hits you from afar with a +0 halberd!!
You die...

............# #........
............# #........
............# #........
............# #........
............# #........
............#####........#
....................# ##.##
....................# !#..# $
................@...# .'. '/(
#...........#####...##'#..#'#
#...........# #z.)........#
#.......[...# #...........#
#.......[...# #...##'#..#'#
#.....[[.<..# #...# ['..'..
#...........# #...# (####=[
............#####.>.####. #
.........................


You could see a skeletal warrior (combustible, corroded).

Vanquished Creatures
  Erolcha (D:9)
  A hydra (D:8)
  A centaur warrior (D:8)
  A fire crab (D:9)
  A skeletal warrior (D:9)
  An unseen horror (D:8)
  Grinder (D:3)
  Sigmund (D:4)
  4 shadows (D:9)
  A wyvern (D:9)
  10 yaks
  A steam dragon (D:8)
  3 water moccasins
  A black bear (D:4)
  2 sky beasts
  An ice beast (D:8)
  4 orc warriors
  A necrophage (D:6)
  2 ogres
  4 centaurs
  A phantom (D:7)
  A kobold brigand (D:9)
  A gnoll sergeant (D:9)
  A bullfrog (D:8)
  A scorpion (D:7)
  17 killer bees
  2 troll zombies (D:9)
  5 wights (D:4)
  2 howler monkeys
  An electric eel (D:9)
  4 hounds
  3 quasits (D:4)
  3 bullfrog skeletons
  2 jellies (D:6)
  13 orc priests
  3 iguanas
  15 orc wizards
  A killer bee zombie (D:7)
  4 ogre zombies (D:9)
  The ghost of Snicker the Sneak, a weakling DsDe (D:4)
  A hound zombie (D:5)
  A howler monkey skeleton (D:7)
  A howler monkey zombie (D:5)
  5 adders
  4 gnolls (D:9)
  2 worms
  38 orcs
  3 bats (D:1)
  11 endoplasms
  5 giant cockroaches
  3 goblins
  9 hobgoblins
  6 jackals
  2 quokkas
  5 ball pythons
  3 frilled lizards
  A goblin skeleton (D:9)
  3 goblin zombies (D:9)
  A hobgoblin skeleton (D:9)
  A hobgoblin zombie (D:9)
  4 kobolds
  An orc skeleton (D:9)
  10 orc zombies (D:9)
  3 rats
246 creatures vanquished.

Vanquished Creatures (collateral kills)
  A gnoll (D:9)
1 creature vanquished.

Vanquished Creatures (others)
  697 foxfires
697 creatures vanquished.

Grand Total: 944 creatures vanquished

Notes
Turn   | Place    | Note
-------+----------+-------------------------------------------
     0 | D:1      | unlimited1921 the Djinni Fire Elementalist began the quest
                  | for the Orb.
     0 | D:1      | Reached XP level 1. HP: 15/15 MP: 0/0
   161 | D:1      | Found Gist's Assorted Antiques.
   664 | D:1      | Reached XP level 2. HP: 22/22 MP: 0/0
  1558 | D:1      | Found Danourukh's Distillery.
  1835 | D:1      | Reached XP level 3. HP: 10/26 MP: 0/0
  1835 | D:1      | Learned a level 1 spell: Shock
  1887 | D:1      | Reached skill level 1 in Fighting
  2728 | D:2      | Reached skill level 3 in Spellcasting
  4160 | D:3      | Found a faded altar of an unknown god.
  4929 | D:3      | Noticed Grinder
  4957 | D:3      | Killed Grinder
  4958 | D:3      | Reached skill level 4 in Spellcasting
  4958 | D:3      | Reached XP level 4. HP: 21/33 MP: 0/0
  4958 | D:3      | Reached XP level 5. HP: 24/38 MP: 0/0
  4958 | D:3      | Learned a level 2 spell: Static Discharge
  4958 | D:3      | Reached XP level 6. HP: 28/43 MP: 0/0
  5111 | D:3      | Found an ornate altar of the Wu Jian Council.
  6210 | D:4      | Noticed Sigmund
  6215 | D:4      | Killed Sigmund
  6216 | D:4      | Reached XP level 7. HP: 43/49 MP: 0/0
  6216 | D:4      | Learned a level 3 spell: Gell's Gravitas
  6681 | D:4      | Found a transporter.
  6684 | D:4      | Noticed Snicker's ghost (weakling DsDe)
  7109 | D:4      | Reached skill level 5 in Spellcasting
  7304 | D:4      | Reached XP level 8. HP: 29/56 MP: 0/0
  7947 | D:4      | Found a transporter.
  8154 | D:5      | Entered Level 5 of the Dungeon
  8173 | D:5      | Found a broken altar of Ashenzari.
  8389 | D:5      | Became a worshipper of Ashenzari the Shackled
  8572 | D:5      | Reached skill level 6 in Spellcasting
  9783 | D:5      | Found a snail-covered altar of Cheibriados.
  9792 | D:5      | Found a sacrificial altar of Ru.
  9799 | D:5      | Found a glowing silver altar of Zin.
 10112 | D:6      | Reached skill level 1 in Long Blades
 10112 | D:6      | Reached XP level 9. HP: 47/62 MP: 0/0
 10112 | D:6      | Learned a level 3 spell: Mephitic Cloud
 10740 | D:6      | Reached skill level 7 in Spellcasting
 10833 | D:6      | Reached skill level 5 in Fighting
 11236 | D:6      | Found a staircase to the Ecumenical Temple.
 12313 | D:7      | Reached skill level 8 in Spellcasting
 12898 | D:7      | Reached XP level 10. HP: 68/72 MP: 0/0
 13457 | D:8      | Noticed a four-headed hydra
 13467 | D:8      | Killed a four-headed hydra
 13637 | D:8      | Found a burning altar of Makhleb.
 13672 | D:8      | Reached skill level 9 in Spellcasting
 13799 | D:8      | Reached skill level 1 in Shields
 13800 | D:8      | Noticed a kobold demonologist
 13801 | D:8      | Noticed a centaur warrior
 13814 | D:8      | Killed a centaur warrior
 14258 | D:1      | Bought a scroll labelled UDUEFFAIMN for 18 gold pieces
 14258 | D:1      | Bought a scroll labelled SIANKYCRIM for 18 gold pieces
 14258 | D:1      | Bought a scroll of blinking for 135 gold pieces
 14258 | D:1      | Bought a scroll labelled UGYLIF WOIKACA for 18 gold pieces
 14328 | D:1      | Bought a potion of curing for 36 gold pieces
 14328 | D:1      | Bought a potion of heal wounds for 60 gold pieces
 14332 | D:1      | Reached * piety under Ashenzari
 14349 | D:1      | Bought a potion of brilliance for 48 gold pieces
 14461 | D:4      | Killed Snicker's ghost
 15293 | D:8      | Killed an unseen horror
 15573 | D:8      | Reached XP level 11. HP: 51/81 MP: 0/0
 15573 | D:8      | Learned a level 4 spell: Ice Form
 15982 | D:8      | Found a blossoming altar of Fedhas.
 16149 | D:8      | Reached skill level 10 in Spellcasting
 16219 | D:8      | Identified the cursed +0 long sword "Shackled Restlessness"
                  | {Cun, Fort} (You found it on level 1 of the Dungeon)
 16219 | D:8      | Identified the cursed +2 kite shield of Ashenzari's Burden
                  | {Cun, Self} (You found it on level 4 of the Dungeon)
 16656 | D:9      | Reached skill level 5 in Dodging
 18094 | D:9      | Noticed a skeletal warrior
 18413 | D:9      | Noticed a fire crab
 18797 | D:9      | Identified the -5 helmet "Jewiuna" {rPois Str+3}
 19324 | D:9      | Killed a fire crab
 20302 | D:9      | Noticed Erolcha
 20315 | D:9      | Killed Erolcha
 21125 | D:9      | Reached skill level 11 in Spellcasting
 22627 | D:9      | Noticed a skeletal warrior
 22627 | D:9      | Noticed a skeletal warrior
 22628 | D:9      | Noticed a skeletal warrior
 22973 | D:9      | Killed a skeletal warrior
 22982 | D:9      | Mangled by a skeletal warrior

Illustrated notes

Levels and vault maps discovered:
D:1:      roderic_octagonal_star, layout_loops_ring, serial_shops, shop,
          nicolae_shop_waterfront, bh_walls_and_bars
D:2:      layout_basic
D:3:      layout_basic, lemuel_doored_altar, shapermc_ecumenical_altar_venn,
          uniq_grinder
D:4:      black_bear_nest_2, layout_cave_pools, gammafunk_ghost_stat_death,
          uniq_sigmund
D:5:      layout_loops_ring, grunt_temple_overflow_diamond,
          cheibrodos_ashenzari_chains, chequers_avenue
D:6:      layout_basic, minmay_temple_entry_glass
D:7:      layout_loops_ring
D:8:      layout_cave_pools, mainiacjoe_overflow_tiny_flanked,
          mainiacjoe_overflow_paths, kb_rosetta
D:9:      layout_small_grid, mainiacjoe_overflow_six_doors_small,
          nicolae_yredelemnul_ghost_church, zombieorc1_lemuel, minmay_holes,
          minivault_10, kennysheep_island_fort, uniq_erolcha

Skill      XL: |  1  2  3  4  5  6  7  8  9 10 11 |
---------------+----------------------------------+-----
Fighting       | 2 3 4 5 7 8 |  8.0
Spellcasting   | 4 5 6 8 9 11 | 11.3
Dodging        | 3 4 5 |  5.4
Stealth        | 2 3 4 |  4.4
Long Blades    | 1 |  1.4
Shields        | 1 2 |  2.7
Throwing       | |  0.5

Action                   |  1- 3 |  4- 6 |  7- 9 | 10-12 || total
-------------------------+-------+-------+-------+-------++-------
Melee: Long sword        |     6 |       |    16 |     4 ||    26
Throw: Dart              |       |       |       |     5 ||     5
       Boomerang         |       |       |       |     3 ||     3
       Throwing net      |       |       |       |     1 ||     1
 Cast: Foxfire           |    96 |    24 |   126 |   182 ||   428
       Inner Flame       |       |     1 |    63 |    96 ||   160
       Gell's Gravitas   |       |       |     1 |     1 ||     2
       Scorch            |       |       |     6 |    48 ||    54
       Mephitic Cloud    |       |       |     3 |     9 ||    12
       Flame Wave        |       |       |       |    10 ||    10
       Ice Form          |       |       |       |     1 ||     1
Invok: Curse Item        |       |       |     1 |     1 ||     2
Evoke: Wand              |       |       |       |     3 ||     3
  Use: Scroll            |       |     3 |     7 |     7 ||    17
       Potion            |       |       |       |     7 ||     7
Armor: Robe              |    11 |       |     8 |    41 ||    60
       Skin              |       |       |       |     1 ||     1
Dodge: Dodged            |    26 |       |    33 |    50 ||   109
Block: Kite shield       |       |       |    11 |    53 ||    64
